 Dungeon Crawl Stone Soup version 0.29-a0-284-gf9362112df (webtiles) character file.

Game seed: 8971104511756434543

51 horus123 the Magician (level 3, 0/19 HPs)
             Began as a Deep Elf Hedge Wizard on Mar 16, 2022.
             Succumbed to an adder's poison
             ... on level 2 of the Dungeon.
             The game lasted 00:01:56 (1407 turns).

horus123 the Magician (Deep Elf Hedge Wizard)       Turns: 1407, Time: 00:01:58

Health: 0/19       AC:  2    Str:  7    XL:     3   Next: 57%
Magic:  1/12       EV: 12    Int: 20    God:
Gold:   70         SH:  0    Dex: 14    Spells: 13/14 levels left

rFire   . . .      SeeInvis .   a - +0 dagger
rCold   . . .      Faith    .   (no shield)
rNeg    . . .      Spirit   .   b - +0 robe
rPois   .          Reflect  .   c - +0 hat
rElec   .          Harm     .   (no cloak)
rCorr   .          Rampage  .   (no gloves)
Will    +....                   (no boots)
Stlth   ++........              (no amulet)
HPRegen 0.06/turn               h - ring of willpower
MPRegen 0.13/turn               (no ring)

@: lethally poisoned (0 -> -4)
A: no striking features
a: no special abilities


You were on level 2 of the Dungeon.
You visited 1 branch of the dungeon, and saw 2 of its levels.

You collected 70 gold pieces.

Inventory:

Hand Weapons
 a - a +0 dagger (weapon)
Armour
 b - a +0 robe (worn)
 c - a +0 hat (worn)
Jewellery
 h - a ring of willpower (left hand)
Scrolls
 e - 4 scrolls of identify {unknown}
 f - 2 scrolls of fog {unknown}
 g - a scroll of blinking {unknown}
Potions
 d - a potion of magic


   Skills:
 - Level 2.4 Dodging
 - Level 2.4 Stealth
 + Level 6.4 Spellcasting
 - Level 1.1 Conjurations
 - Level 1.1 Summonings
 - Level 1.1 Translocations


You had 13 spell levels left.
You knew the following spells:

 Your Spells              Type           Power      Damage    Failure   Level
a - Magic Dart            Conj           40%        1d5       6%          1

Your spell library contained the following spells:

 Spells                   Type           Power      Damage    Failure   Level
 Slow                     Hex            24%        N/A       10%         1
 Blink                    Tloc           20%        N/A       10%         2
 Call Imp                 Summ           10%        N/A       10%         2
 Conjure Flame            Conj/Fire      8%         6-21      24%         3
 Dazzling Flash           Conj/Hex       16%        N/A       24%         3
 Stone Arrow              Conj/Erth      16%        3d8       24%         3
 Mephitic Cloud           Conj/Pois/Air  7%         N/A       26%         3
 Animate Armour           Summ/Erth      16%        N/A       63%         4
 Agony                    Necr           6%         N/A       95%         5
 Silence                  Hex/Air        3%         N/A       95%         5
 Lehudib's Crystal Spear  Conj/Erth      4%         10d3      100%        8


Dungeon Overview and Level Annotations

Branches:
Dungeon (2/15)

Altars:

Annotations:
D:2 Natasha


Message History

Aiming: Magic Dart (safe; 6% risk of failure)
Press: ? - help, Q - select action Shift-Dir - straight line, f - adder
Aim: an adder (100% to hit)
The magic dart hits the adder but does no damage.
The adder barely misses you.
Unknown command.
Aiming: Magic Dart (safe; 6% risk of failure)
Press: ? - help, Q - select action Shift-Dir - straight line, f/p - adder
Aim: an adder (100% to hit)
The magic dart hits the adder.
The adder is heavily wounded.
The adder bites you but does no damage. x2
Unknown command.
You don't have enough magic to cast this spell.
Unknown command.
Unknown command.
The adder attacks as you move away! The adder closely misses you.
The adder closely misses you.
Aiming: Magic Dart (safe; 6% risk of failure)
Press: ? - help, Q - select action Shift-Dir - straight line, f/p - adder
Aim: an adder (heavily wounded, 100% to hit)
The magic dart hits the adder.
The adder is heavily wounded.
The adder misses you.
Unknown command.
The adder attacks as you move away! The adder bites you.
The adder attacks as you move away! The adder barely misses you. x2
The adder attacks as you move away! The adder bites you.
You are lethally poisoned!
The adder poisons you!
* * * LOW HITPOINT WARNING * * *
You feel sick.
The ball python hisses angrily.
* * * LOW HITPOINT WARNING * * *
You feel sick. The adder bites you.
* * * LOW HITPOINT WARNING * * *
The adder attacks as you move away! The adder misses you.
* * * LOW HITPOINT WARNING * * *
You feel sick.
You die...

.......# #..........#
#......###...[...<..#
#.......##..........#
#..†....##..........#
#....#......##..###.#
#.##.##.....##..# .#
#....##..##.##.... .#
####...#..##.##.##.# #
#........@##.....#.#
#.##....#.##.....#
...#..#..#S###....#
#............##....# .
#.............#....# ..
.............#....# ...
..................# ....
........#....#....#.....
..!....##....##........


You could see an adder.

Vanquished Creatures
  Natasha (D:2)
  A dart slug (D:1)
  A bat (D:1)
  2 endoplasms (D:1)
  A giant cockroach (D:1)
  A goblin (D:1)
  3 hobgoblins (D:1)
  2 quokkas (D:1)
  5 ball pythons (D:1)
  4 frilled lizards
  A kobold (D:1)
  3 rats (D:1)
25 creatures vanquished.

Notes
Turn   | Place    | Note
-------+----------+-------------------------------------------
     0 | D:1      | horus123 the Deep Elf Hedge Wizard began the quest for the
                  | Orb.
     0 | D:1      | Reached XP level 1. HP: 10/10 MP: 7/7
   233 | D:1      | Reached skill level 5 in Spellcasting
   306 | D:1      | Reached XP level 2. HP: 15/15 MP: 6/10
   382 | D:1      | Found a faded altar of an unknown god.
  1359 | D:2      | Noticed Natasha
  1366 | D:2      | Noticed a crimson imp
  1371 | D:2      | Noticed a crimson imp
  1372 | D:2      | Killed Natasha
  1373 | D:2      | Reached skill level 6 in Spellcasting
  1373 | D:2      | Reached XP level 3. HP: 13/19 MP: 0/12
  1377 | D:2      | Noticed Natasha
  1407 | D:2      | Succumbed to an adder's poison

Illustrated notes

Levels and vault maps discovered:
D:1:      mrwooster_arrival_statue_2, layout_loops_ring,
          shapermc_ecumenical_altar_mp_vishouse
D:2:      layout_rooms, hangedman_decor_clover_reticule, minivault_14,
          uniq_natasha, uniq_sigmund, uniq_terence

Skill      XL: |  1  2 |
---------------+-------+-----
Spellcasting   | 5 6 |  6.4
Dodging        | |  2.4
Stealth        | |  2.4
Conjurations   | |  1.1
Summonings     | |  1.1
Translocations | |  1.1

Action                   || total
-------------------------++-------
 Cast: Magic Dart        ||    78
Armor: Robe              ||     4
Dodge: Dodged            ||    14

Table legend: (Time is in decaauts)
 A = Elapsed time spent in this place.
 B = Non-inter-level travel time spent in this place.
 C = Inter-level travel time spent in this place.
 D = Time resting spent in this place.
 E = Time spent auto-exploring this place.
 F = Levels seen in this place.
 G = Mean time per level.
                   A        B        C        D        E       F      G
               +--------+--------+--------+--------+--------+-----+--------+
         Total |   1406 |   1357 |     49 |    207 |    981 |   2 |  703.0 |
       Dungeon |   1406 |   1357 |     49 |    207 |    981 |   2 |  703.0 |
               +--------+--------+--------+--------+--------+-----+--------+

Top non-repeatable levels by time:
     D:1: 1335 daAuts
     D:2: 70 daAuts
